 Dungeon Crawl Stone Soup version 0.31.0-11-ge490571c62 (webtiles) character file.

Game seed: 4986746971663974444

89 SnakkuSnakku7 the Cudgeller (level 4, 0/52 HPs)
             Began as an Armataur Hedge Wizard on Jan 27, 2024.
             Slain by a centaur (3 damage)
             ... on level 5 of the Dungeon.
             The game lasted 00:02:44 (2162 turns).

SnakkuSnakku7 the Cudgeller (Armataur Hedge Wizard) Turns: 2162, Time: 00:02:46

Health: 0/52       AC: 22    Str: 17    XL:     4   Next: 31%
Magic:  8/8        EV:  1    Int: 14    God:
Gold:   139        SH:  0    Dex: 10    Spells: 7/8 levels left

rFire   . . .        a - +0 mace
rCold   . . .        (no shield)
rNeg    . . .        f - melded +0 scale mail
rPois   +            q - melded +0 helmet
rElec   .            e - melded +0 cloak
rCorr   .            (gloves currently unavailable)
SInv    .            (no barding)
Will    .....        (no amulet)
Stlth   ++           (no ring)
HPRegen 0.28/turn    (no ring)
MPRegen 0.11/turn

%: roll
@: tree-form
A: stationary, stasis, torment immunity, boosted hp, large, (deformed body),
(tough skin 3), (armoured tail), roll 1
a: no special abilities


You were on level 5 of the Dungeon.
You were a tree.
You visited 1 branch of the dungeon, and saw 5 of its levels.

You collected 139 gold pieces.

Inventory:

Hand Weapons
 a - a +0 mace (weapon)
 i - a +0 spear
 l - a +0 dagger
Missiles
 u - 5 poisoned darts (quivered)
Armour
 b - a +0 robe
 c - a +0 hat
 e - a +0 cloak (melded)
 f - a +0 scale mail (melded)
 q - a +0 helmet (melded)
Jewellery
 t - a +4 ring of protection
Scrolls
 g - 6 scrolls of identify {unknown}
 j - 2 scrolls of noise {unknown}
 k - a scroll of revelation {unknown}
 n - a scroll of silence {unknown}
 r - a scroll of blinking {unknown}
Potions
 d - a potion of magic
 h - 2 potions of lignification
 m - a potion of might {unknown}
 o - a potion of degeneration {unknown}
 p - 2 potions of curing {unknown}
 s - a potion of brilliance {unknown}


   Skills:
 - Level 1.4 Fighting
 + Level 3.1 Maces & Flails
 - Level 1.3 Dodging
 - Level 2.1 Stealth
 - Level 2.6 Spellcasting
 - Level 0.8 Conjurations
 - Level 0.7 Summonings
 - Level 1.0 Translocations


You had 7 spell levels left.
You knew the following spells:

 Your Spells              Type           Power      Damage    Failure   Level
a - Magic Dart            Conj           16%        1d3       16%         1

Your spell library contained the following spells:

 Spells                   Type           Power      Damage    Failure   Level
 Slow                     Hex            4%         N/A       22%         1
 Blink                    Tloc           8%         N/A       22%         2
 Call Imp                 Summ           6%         N/A       26%         2
 Cigotuvi's Dreadful Rot  Necr/Alch/Air  2%         N/A       32%         2
 Dazzling Flash           Conj/Hex       6%         N/A       50%         3
 Mephitic Cloud           Conj/Alch/Air  2%         N/A       52%         3
 Manifold Assault         Tloc           4%         N/A       82%         4
 Curse of Agony           Necr           1%         N/A       99%         5
 Silence                  Hex/Air        0%         N/A       99%         5
 Dispersal                Tloc           2%         N/A       100%        6
 Disjunction              Tloc           2%         N/A       100%        8


Dungeon Overview and Level Annotations

Branches:
Dungeon (5/15)
 Temple: D:4-7

Altars:

Shops:
D:2 =:

Annotations:
D:2 Sigmund
D:3 1 runed translucent door, Firecrotchwizard's ghost, amateur OnFE
D:4 Dowan


Innate Abilities, Weirdness & Mutations

You are a tree.
Your roots penetrate the ground, keeping you stationary.
You cannot be teleported.
You are immune to unholy pain and torment.
Your maximum health is greatly increased.
Your equipment is partially melded.
((Armour fits poorly on your strangely shaped body.))
((You have extremely tough skin. (AC +3)))
((You have a long armoured tail.))
You regenerate magic when rolling toward enemies. (Rampage MPRegen)


Message History

You sock the orc!
You kill the orc!
The centaur shoots an arrow.
The arrow hits you! The arrow burns you.
* * * LOW HITPOINT WARNING * * *
The centaur shoots an arrow.
The arrow closely misses you.
The centaur unwields a +5 orcbow of flaming.
It stops flaming.
The centaur hits you.
* * * LOW HITPOINT WARNING * * *
The centaur barely misses you.
There is an open door here.
Things that are here:
a +0 flail; a +0 ring mail It was a potion of lignification.
You turn into a tree.
Your +0 cloak melds into your body.
Your +0 helmet melds into your body.
Your +0 scale mail melds into your body.
Your roots penetrate the ground.
The centaur hits you but does no damage.
The centaur kicks you but does no damage.
You hit the centaur.
The centaur is lightly wounded.
The centaur hits you but does no damage.
The centaur kicks you.
* * * LOW HITPOINT WARNING * * *
The centaur hits you but does no damage.
The centaur kicks you but does no damage.
Okay, then.
Unknown command.
You hit the centaur but do no damage.
The centaur is lightly wounded.
The centaur hits you but does no damage.
The centaur kicks you but does no damage.
The centaur hits you but does no damage.
The centaur kicks you but does no damage.
You hit the centaur.
The centaur is lightly wounded.
The centaur hits you.
* * * LOW HITPOINT WARNING * * *
The centaur kicks you but does no damage.
The centaur hits you.
You die...

#### #(.##
#...#
+...#
##♣## #.c#
+........#
#........#
#..##....#
##+# ....#
...# ###


You could see a centaur.

Vanquished Creatures
  An orc priest (D:4)
  An adder (D:2)
  2 dart slugs (D:3)
  A ribbon worm (D:3)
  2 orcs
  7 bats
  4 endoplasms
  3 giant cockroaches
  3 goblins
  2 hobgoblins
  A quokka (D:3)
  3 ball pythons
  A frilled lizard (D:1)
  5 kobolds
  4 rats
40 creatures vanquished.

Notes
Turn   | Place    | Note
-------+----------+-------------------------------------------
     0 | D:1      | SnakkuSnakku7 the Armataur Hedge Wizard began the quest for
                  | the Orb.
     0 | D:1      | Reached XP level 1. HP: 14/14 MP: 4/4
   196 | D:1      | Found a faded altar of an unknown god.
   477 | D:1      | Reached skill level 1 in Fighting
   618 | D:1      | Reached XP level 2. HP: 12/23 MP: 5/5
   998 | D:2      | Reached skill level 1 in Maces & Flails
  1087 | D:2      | Found Tepaul's One-of-a-Kind Rings.
  1149 | D:2      | Reached XP level 3. HP: 21/28 MP: 7/7
  1154 | D:2      | Found Gyosefed's Book Boutique.
  1157 | D:2      | Noticed Sigmund
  1394 | D:3      | Reached skill level 2 in Maces & Flails
  1459 | D:3      | Found a runed translucent door.
  1459 | D:3      | Noticed Firecrotchwizard's ghost (amateur OnFE)
  2093 | D:4      | Reached skill level 3 in Maces & Flails
  2093 | D:4      | Reached XP level 4. HP: 30/35 MP: 8/8
  2134 | D:4      | Noticed Dowan
  2145 | D:5      | Entered Level 5 of the Dungeon
  2145 | D:5      | Noticed a centaur
  2162 | D:5      | Slain by a centaur

Illustrated notes

Levels and vault maps discovered:
D:1:      dpeg_arrival_three_same_balls, layout_basic,
          chequers_ecumenical_altar_simple, chequers_mini_garden,
          minmay_curled_crystal, bh_walls_and_bars
D:2:      layout_rooms, serial_shops, shop, st_stairs_3,
          nicolae_shop_unique_rings, uniq_sigmund
D:3:      layout_basic, gammafunk_ghost_grave, nicolae_kite_square_tiling_tiny
D:4:      minmay_chambers_of_threes, layout_loops_cross, uniq_duvessa
D:5:      layout_gridville, ebering_ghost_rock_garden, glass_columns_c,
          uniq_eustachio

Skill      XL: |  1  2  3 |
---------------+----------+-----
Fighting       | 1 |  1.4
Maces & Flails | 1 3 |  3.1
Dodging        | |  1.3
Stealth        | |  2.1
Spellcasting   | |  2.6
Conjurations   | |  0.8
Summonings     | |  0.7
Translocations | |  1.0

Action                     |  1- 3 |  4- 6 || total
---------------------------+-------+-------++-------
  Melee: Dagger            |    26 |       ||    26
         Spear             |    13 |       ||    13
         Tailslap          |     7 |       ||     7
         Mace              |    80 |    17 ||    97
  Throw: Dart              |     3 |       ||     3
    Use: Potion            |       |     1 ||     1
 Armour: Scale mail        |    85 |    10 ||    95
         Skin              |       |    13 ||    13
  Dodge: Dodged            |    41 |    14 ||    55
